 Dungeon Crawl Stone Soup version 0.18.1-48-g4cf74bf (webtiles) character file.

164224 nikopol the Marksminotaur (level 17, 0/154 HPs)
             Began as a Minotaur Berserker on Aug 21, 2016.
             Was the Champion of Trog.
             Killed from afar by Nikola (16 damage)
             ... with a chain lightning
             ... on level 3 of the Snake Pit.
             The game lasted 02:20:24 (28628 turns).

nikopol the Marksminotaur (Minotaur Berserker)     Turns: 28628, Time: 02:20:24

Health: 0/154      AC: 25    Str: 24    XL:     17   Next: 25%
Magic:  16/16      EV: 20    Int:  4    God:    Trog [******]
Gold:   2779       SH:  0    Dex: 15    Spells: 0 memorised, 16 levels left

rFire  + . .     SeeInvis +     a - +10 battleaxe (venom)
rCold  . . .     Gourm    .     K - quicksilver dragon armour
rNeg   + . .     Faith    .     (shield currently unavailable)
rPois  +         Spirit   .     b - +2 hat {MR+}
rElec  .         Dismiss  .     v - +2 cloak {MR+}
rCorr  .         Reflect  .     T - +0 pair of gloves
SustAt .         Harm     .     M - +2 pair of boots
MR     ++++.                    G - amulet of regeneration
Stlth  +.........               x - ring of poison resistance
                                t - ring of Shadows {Umbra +Inv rN+ SInv}

@: wreathed by umbra, studying Bows, incredibly resistant to hostile
enchantments, very unstealthy
A: retaliatory headbutt, horns 2, fire resistance 1
a: Berserk, Trog's Hand, Brothers in Arms, Burn Spellbooks, Renounce Religion,
Evoke Invisibility


You were on level 3 of the Snake Pit.
You worshipped Trog.
Trog was exalted by your worship.
You were not hungry.

You visited 4 branches of the dungeon, and saw 28 of its levels.
You also visited: Labyrinth, Ossuary, Bailey and Volcano.

You collected 3466 gold pieces.
You spent 687 gold pieces at shops.

Inventory:

Hand Weapons
 a - a +10 battleaxe of venom (weapon)
 p - a +6 antimagic broad axe
 z - a +5 longbow of flaming
Missiles
 u - 681 arrows (quivered)
Armour
 b - a +2 hat of magic resistance (worn)
 v - a +2 cloak of magic resistance (worn)
 K - a quicksilver dragon armour (worn)
 M - a +2 pair of boots (worn)
 T - a +0 pair of gloves (worn)
Jewellery
 t - the ring of Shadows (left hand) {Umbra +Inv rN+ SInv}
   (You bought it in a shop on level 2 of the Orcish Mines)

   [ring of positive energy]

   It protects you from negative energy.
   It lets you see invisible.
   It lets you turn invisible.
 x - a ring of poison resistance (right hand)
 y - an uncursed ring of flight
 F - an uncursed ring of resist corrosion
 G - an amulet of regeneration (around neck)
 H - a +3 ring of protection
 R - an uncursed ring of protection from fire
Wands
 w - a wand of teleportation (5/9)
 C - a wand of heal wounds (7/9)
 D - a wand of disintegration (17/24)
 N - a wand of digging (20/24)
Scrolls
 e - 9 scrolls of fog
 f - 9 scrolls of teleportation
 h - 3 scrolls of magic mapping
 n - 5 scrolls of enchant armour
 r - 12 scrolls of remove curse
 A - 11 scrolls of identify
 P - a scroll of summoning
 Y - a scroll of blinking
 Z - a scroll of fear
Potions
 g - 14 potions of curing
 j - 2 potions of invisibility
 l - 6 potions of might
 m - 5 potions of haste
 o - 6 potions of berserk rage
 q - 11 potions of heal wounds
 s - 2 potions of brilliance
 B - 6 potions of flight
 I - a potion of cure mutation
 J - 5 potions of agility
 L - 2 potions of resistance
 W - a potion of ambrosia
Books
 X - a manual of Bows
Comestibles
 c - 18 bread rations
 d - 8 slices of pizza
 i - 22 fruits
 k - 11 meat rations
 E - 6 beef jerkies
 S - 3 royal jellies


   Skills:
 + Level 14.8 Fighting
 * Level 19.0 Axes
 * Level 19.2 Bows
 + Level 14.5 Armour
 + Level 13.7 Dodging


You had 16 spell levels left.
You didn't know any spells.

Dungeon Overview and Level Annotations

Branches:
Dungeon (15/15)            Temple (0/1) D:4            Lair (8/8) D:8
 Shoals (0/4) Lair:5        Snake (3/4) Lair:4        Slime (0/6) Lair:8
    Orc (2/2) D:11            Elf (0/3) Orc:2        Vaults (0/5) D:13
 Depths (0/5) D:15

Altars:
Ashenzari
Cheibriados
Dithmenos
Elyvilon
Fedhas
Gozag
Kikubaaqudgha
Makhleb
Nemelex Xobeh
Okawaru
Pakellas
Qazlal
Ru
Sif Muna
Trog
Vehumet
Xom
Yredelemnul
Beogh

Shops:
D:5 %   D:7 %   D:9 ?   D:10 !   Orc:1 [   Orc:2 =*[(   Snake:2 [

Annotations:
D:14 Sonja
Snake:3 Nikola


Innate Abilities, Weirdness & Mutations

You reflexively headbutt those who attack you in melee.
You have a pair of horns on your head.
Your flesh is heat resistant.


Message History

Nikola hits you but does no damage.
You are electrocuted!
You slash Nikola!
Nikola is poisoned.
Nikola is lightly wounded.
Nikola mumbles some strange words.
You hear a mighty clap of thunder!
The lightning arc hits you!
The lightning arc hits Nikola.
The lightning arc hits you!
The lightning arc hits the plant.
The lightning arc hits you!
The lightning arc hits Nikola.
You hear a shout!
You hear an angry hiss. x4; You hear a shout! x3
You hear an angry hiss.
You hear a shout!
You hear an angry hiss.
You're too hungry to go berserk.
Eat which item? (? for menu, Esc to quit)
Nikola gestures wildly while chanting.
You hear a mighty clap of thunder!
The lightning arc hits you!
* * * LOW HITPOINT WARNING * * *
The lightning arc hits Nikola.
The lightning arc hits you!
* * * LOW HITPOINT WARNING * * *
The lightning arc hits Nikola.
The lightning arc hits you!
You die...

8###8#...#................
.............#.###.#.####.
...........#...###.#.# #
........_P...........# #
8###8#..P........##.## #
###...###.....#..#####
#.....##....##.##...##
...##...(#.....##......##
#.....@.....##.......#.
#.####.@...........##..
#.. #..############### ...
...# .. ((..# ##...# #).##
...# ...#


You could see Nikola.

Vanquished Creatures
  Rupert (Orc:2)
  Gastronok (Lair:1)
  2 greater nagas (Snake:2)
  An orc warlord (Orc:2)
  Nessos (D:14)
  A yaktaur captain (D:13)
  Josephine (D:12)
  A minotaur (Lab)
  12 hydras
  Harold (Lair:2)
  A rakshasa (D:15)
  A merfolk avatar (Lair:5)
  3 anacondas (Snake:1)
  4 catoblepae
  3 naga warriors
  The ghost of ceb the Cleaver, a novice MiBe of Trog (D:10)
  A death knight (D:12)
  3 centaur warriors
  A tengu warrior (D:14)
  6 naga sharpshooters
  27 death yaks
  4 orc high priests (Orc:2)
  Urug (Lair:2)
  13 slime creatures
  The ghost of ceb the Protected, a novice MiBe of Trog (Bailey)
  3 shock serpents
  A salamander mystic (Snake:2)
  A death drake (shapeshifter) (D:15)
  An unseen horror (D:15)
  5 lindwurms
  Pikel (D:7)
  8 hill giants
  7 orc knights
  2 naga ritualists
  A deep elf mage (D:12)
  2 phantasmal warriors (D:12)
  2 griffons
  8 mana vipers
  3 manticores
  11 ugly things
  7 orc sorcerers
  3 cyclopes
  5 salamanders
  36 elephants
  An oklob plant (Snake:3)
  A toenail golem (Volcano)
  16 black mambas
  2 sirens (Lair:5)
  5 centaur zombies
  The ghost of Murtagy the Skirmisher, a novice MiFi of Cheibriados (Ossuary)
  A guardian serpent (Snake:2)
  A torpor snail (Lair:5)
  2 molten gargoyles (Volcano)
  A guardian serpent (shapeshifter) (D:15)
  5 naga magi
  11 spiny frogs
  2 gargoyles
  A centaur skeleton (D:13)
  A rime drake (Lair:7)
  An efreet (Volcano)
  A kobold demonologist (Bailey)
  2 yaktaurs (D:13)
  5 komodo dragons
  A freezing wraith (D:12)
  A red devil (Volcano)
  A jumping spider (shapeshifter) (D:15)
  2 merfolk (Lair:5)
  A polar bear (Lair:7)
  7 trolls
  A wolf spider simulacrum (D:15)
  A two-headed ogre (D:15)
  13 blink frogs
  2 boulder beetles
  A raiju (shapeshifter) (D:15)
  6 wraiths
  2 vampires
  4 shadows
  A hog (D:8)
  A human (D:8)
  75 yaks
  3 hungry ghosts
  9 basilisks
  A human (shapeshifter) (D:15)
  15 hippogriffs
  Eustachio (D:5)
  2 vampire mosquitoes (D:15)
  A mottled dragon (D:15)
  A warg (Orc:1)
  10 nagas
  2 soldier ants
  22 water moccasins
  5 porcupines
  5 black bears
  4 ice beasts
  4 sky beasts
  47 orc warriors
  A swamp drake (Lair:6)
  5 phantoms
  15 ogres
  2 necrophages
  2 eyes of draining
  9 wolves (Lair:7)
  4 boggarts (D:15)
  16 centaurs
  10 crocodiles
  2 big kobolds
  29 giant frogs
  2 wyvern skeletons
  3 scorpions
  14 killer bees
  4 wights (D:12)
  6 howler monkeys
  10 electric eels
  2 giant frog zombies
  8 crimson imps
  3 lava snakes
  21 orc priests
  7 jellies
  2 gnoll shamans
  4 hounds
  2 quasits
  Crazy Yiuf (D:3)
  A giant frog skeleton (D:10)
  31 orc wizards
  13 iguanas
  14 worker ants
  Natasha (D:2)
  5 hell rats (Lair:4)
  17 sheep
  A hound zombie (D:6)
  3 hound skeletons
  7 mummies (Ossuary)
  21 gnolls
  A howler monkey skeleton (D:4)
  14 adders
  23 river rats
  2 shadow imps
  3 oozes
  An adder zombie (D:5)
  An adder skeleton (D:8)
  3 worms
  5 dart slugs
  5 giant geckos
  122 orcs
  4 ball pythons
  7 giant cockroaches
  A gnoll zombie (Ossuary)
  12 goblins
  10 hobgoblins
  22 jackals
  5 quokkas
  3 bats
  5 giant newts
  2 hobgoblin zombies (Ossuary)
  A jackal zombie (D:6)
  16 kobolds
  10 rats
  12 fungi
  11 plants
1110 creatures vanquished.

Vanquished Creatures (collateral kills)
  A mummy (Ossuary)
  2 gnoll zombies (Ossuary)
  A hobgoblin zombie (Ossuary)
  2 kobold zombies (Ossuary)
6 creatures vanquished.

Vanquished Creatures (others)
  A slime creature (D:15)
  A guardian serpent (shapeshifter) (D:15)
  2 slaves (D:7)
  A boggart (D:15)
  A giant frog (Lair:6)
  An orc wizard (Orc:2)
  A hound skeleton (D:7)
  22 fungi
  5 plants
  15 toadstools (Lair:4)
50 creatures vanquished.

Grand Total: 1166 creatures vanquished

Notes
Turn   | Place    | Note
--------------------------------------------------------------
     0 | D:1      | nikopol the Minotaur Berserker began the quest for the Orb.
     0 | D:1      | Reached XP level 1. HP: 19/19 MP: 0/0
   144 | D:1      | Reached XP level 2. HP: 13/27 MP: 1/1
   771 | D:1      | Reached XP level 3. HP: 33/33 MP: 2/2
   907 | D:2      | Reached ** piety under Trog
  1075 | D:2      | Found a radiant altar of Vehumet.
  1082 | D:2      | Found an ancient bone altar of Kikubaaqudgha.
  1083 | D:2      | Found a deep blue altar of Sif Muna.
  1244 | D:2      | Reached XP level 4. HP: 33/40 MP: 3/3
  1266 | D:2      | Found a stormy altar of Qazlal.
  1465 | D:2      | Noticed Natasha
  1475 | D:2      | Killed Natasha
  1935 | D:3      | Found a snail-covered altar of Cheibriados.
  2051 | D:3      | Noticed Crazy Yiuf
  2057 | D:3      | Killed Crazy Yiuf
  2057 | D:3      | Reached skill level 1 in Bows
  2057 | D:3      | Reached XP level 5. HP: 44/47 MP: 1/4
  2420 | D:4      | Reached skill level 5 in Axes
  2443 | D:4      | Reached XP level 6. HP: 33/53 MP: 5/5
  2485 | D:4      | Reached *** piety under Trog
  2736 | D:4      | Found a staircase to the Ecumenical Temple.
  2923 | D:5      | Entered Level 5 of the Dungeon
  3100 | D:5      | Noticed Eustachio
  3138 | D:5      | Killed Eustachio
  3138 | D:5      | Reached skill level 5 in Fighting
  3138 | D:5      | Reached XP level 7. HP: 40/61 MP: 6/6
  3522 | D:5      | Found a bloodstained altar of Trog.
  3535 | D:5      | Found Xifekk's Food Emporium.
  3535 | D:5      | Noticed a hungry ghost
  3556 | D:5      | Killed a hungry ghost
  3556 | D:5      | Reached skill level 5 in Armour
  3950 | D:5      | Reached XP level 8. HP: 64/70 MP: 7/7
  4481 | D:6      | Reached skill level 5 in Bows
  4653 | D:6      | Found a shadowy altar of Dithmenos.
  4686 | D:6      | Reached skill level 5 in Dodging
  4974 | D:6      | Found a basalt altar of Yredelemnul.
  5128 | D:6      | Found a sacrificial altar of Ru.
  5175 | D:6      | Found a blossoming altar of Fedhas.
  5376 | D:7      | Found a sand-covered staircase.
  5384 | Ossuary  | Entered an ossuary
  5464 | Ossuary  | Noticed Murtagy's ghost (novice MiFi)
  5477 | Ossuary  | Killed Murtagy's ghost
  5477 | Ossuary  | Reached XP level 9. HP: 63/78 MP: 8/8
  5887 | D:7      | Found an oddly glowing altar of Pakellas.
  5979 | D:7      | Found Rifipsaopn's Food Shoppe.
  6013 | D:7      | Noticed Pikel
  6023 | D:7      | Killed Pikel
  6278 | D:7      | Reached **** piety under Trog
  6456 | D:7      | Found a sparkling altar of Nemelex Xobeh.
  6634 | D:7      | Found an opulent altar of Gozag.
  6987 | D:8      | Found a staircase to the Lair.
  7086 | D:8      | Received a gift from Trog
  7089 | D:8      | Reached XP level 10. HP: 72/88 MP: 9/9
  7149 | D:8      | HP: 3/88 [soldier ant (7)]
  7154 | D:8      | Reached skill level 10 in Axes
  7392 | D:8      | Reached ***** piety under Trog
  7508 | D:8      | Found a shimmering altar of Xom.
  8219 | Lair:1   | Entered Level 1 of the Lair of Beasts
  8305 | Lair:1   | Found a labyrinth entrance.
  8320 | Lab      | Entered a labyrinth
  8577 | Lab      | Noticed a minotaur
  8585 | Lab      | Killed a minotaur
  8585 | Lab      | Reached XP level 11. HP: 89/95 MP: 10/10
  8700 | Lair:1   | Found a dark tunnel.
  8707 | Volcano  | Entered a volcano
  8977 | Volcano  | Found a radiant altar of Vehumet.
  9340 | Lair:1   | Reached skill level 10 in Bows
  9373 | Lair:1   | Received a gift from Trog
  9872 | Lair:1   | Noticed Gastronok
  9881 | Lair:1   | Killed Gastronok
 10034 | Lair:2   | Noticed Urug
 10120 | Lair:2   | Killed Urug
 10290 | Lair:2   | Reached XP level 12. HP: 106/106 MP: 11/11
 10303 | Lair:2   | Reached skill level 10 in Fighting
 10578 | Lair:2   | Noticed Harold
 10599 | Lair:2   | Killed Harold
 11019 | Lair:3   | Noticed a six-headed hydra
 11041 | Lair:3   | Killed a nine-headed hydra
 11041 | Lair:3   | Reached skill level 10 in Armour
 11489 | Lair:3   | Received a gift from Trog
 11967 | Lair:4   | Noticed a six-headed hydra
 11985 | Lair:4   | Killed a six-headed hydra
 11988 | Lair:4   | Noticed a death yak
 12004 | Lair:4   | Killed a death yak
 12249 | Lair:4   | Found a staircase to the Snake Pit.
 12692 | Lair:4   | Noticed a catoblepas
 12702 | Lair:4   | Killed a catoblepas
 12702 | Lair:4   | Reached skill level 10 in Dodging
 12702 | Lair:4   | Reached XP level 13. HP: 67/115 MP: 12/12
 13531 | Lair:5   | Received a gift from Trog
 13554 | Lair:5   | Found a staircase to the Shoals.
 14137 | Lair:6   | Reached skill level 15 in Axes
 14340 | Lair:6   | Received a gift from Trog
 15386 | Lair:7   | Reached XP level 14. HP: 125/125 MP: 13/13
 15388 | Lair:7   | Reached ****** piety under Trog
 15688 | Lair:7   | Received a gift from Trog
 16115 | Lair:7   | Received a gift from Trog
 16457 | Lair:8   | Entered Level 8 of the Lair of Beasts
 16533 | Lair:8   | Received a gift from Trog
 16662 | Lair:8   | Found a staircase to the Slime Pits.
 16913 | Lair:8   | Received a gift from Trog
 17605 | Lair:8   | Reached XP level 15. HP: 125/134 MP: 14/14
 17832 | Lair:8   | Reached skill level 15 in Bows
 18425 | D:9      | Received a gift from Trog
 18457 | D:9      | Found a shattered altar of Ashenzari.
 18496 | D:9      | Found a burning altar of Makhleb.
 18604 | D:9      | Found a shimmering altar of Xom.
 18805 | D:9      | Found Tufistri's Magic Scroll Shoppe.
 19104 | D:10     | Entered Level 10 of the Dungeon
 19132 | D:10     | Found Utag's Distillery.
 19222 | D:10     | Noticed ceb's ghost (novice MiBe)
 19233 | D:10     | Killed ceb's ghost
 19549 | D:10     | Received a gift from Trog
 20001 | D:11     | Found a staircase to the Orcish Mines.
 20370 | D:11     | Found an oddly glowing altar of Pakellas.
 20553 | Orc:1    | Entered Level 1 of the Orcish Mines
 20566 | Orc:1    | Received a gift from Trog
 20599 | Orc:1    | Found a roughly hewn altar of Beogh.
 20616 | Orc:1    | Received a gift from Trog
 20654 | Orc:1    | Found a flagged portal.
 20659 | Orc:1    | Found Gucsexae's Armour Emporium.
 20663 | Bailey   | Entered a bailey
 20712 | Bailey   | Found an iron altar of Okawaru.
 20918 | Bailey   | Received a gift from Trog
 21032 | Bailey   | Noticed ceb's ghost (novice MiBe)
 21049 | Bailey   | Killed ceb's ghost
 21344 | Orc:1    | Received a gift from Trog
 21372 | Orc:1    | Got a twisted hand axe
 21506 | Orc:1    | Received a gift from Trog
 21753 | Orc:1    | Received a gift from Trog
 21997 | Orc:2    | Entered Level 2 of the Orcish Mines
 22064 | Orc:2    | Found an iron altar of Okawaru.
 22103 | Orc:2    | Found a shimmering altar of Xom.
 22170 | Orc:2    | Found a staircase to the Elven Halls.
 22213 | Orc:2    | Noticed Rupert
 22246 | Orc:2    | Killed Rupert
 22344 | Orc:2    | Noticed an orc warlord
 22369 | Orc:2    | Killed an orc warlord
 22463 | Orc:2    | Received a gift from Trog
 22549 | Orc:2    | Received a gift from Trog
 22604 | Orc:2    | Found Wopyrr's Antique Armour Shoppe.
 22604 | Orc:2    | Found Oschuejea's Antique Weapon Emporium.
 22629 | Orc:2    | Found Novug's General Store.
 22629 | Orc:2    | Found Xuff's Jewellery Shoppe.
 22661 | Orc:2    | Identified the +6 hand axe of Capital Punishment {chop, Dex+7} (You found it on level 1 of the Orcish Mines)
 22695 | Orc:2    | Bought the ring of Shadows {Umbra +Inv rN+ SInv} for 687 gold pieces
 22724 | Orc:2    | Gained mutation: Your flesh is heat resistant. [potion of beneficial mutation]
 22748 | Orc:2    | Received a gift from Trog
 23273 | D:11     | Received a gift from Trog
 23273 | D:11     | Reached XP level 16. HP: 145/145 MP: 15/15
 23333 | D:11     | Got a jewelled war axe
 23345 | D:11     | Identified the +4 war axe "Aloodghi" {flame, Dex+9} (You found it on level 11 of the Dungeon)
 23614 | D:12     | Received a gift from Trog
 23722 | D:12     | Received a gift from Trog
 24091 | D:12     | Noticed Josephine
 24100 | D:12     | Killed Josephine
 24463 | D:13     | Found a gate to the Vaults.
 24558 | D:13     | Found a white marble altar of Elyvilon.
 24740 | D:13     | Found a deep blue altar of Sif Muna.
 25229 | D:14     | Noticed Sonja
 25484 | D:14     | Noticed Nessos
 25493 | D:14     | Killed Nessos
 25556 | D:15     | Entered Level 15 of the Dungeon
 26212 | D:15     | Received a gift from Trog
 26259 | D:15     | Found a staircase to the Depths.
 26767 | Snake:1  | Entered Level 1 of the Snake Pit
 27622 | Snake:2  | Reached XP level 17. HP: 147/154 MP: 11/16
 27939 | Snake:2  | Received a gift from Trog
 27948 | Snake:2  | Got a coiled marble ring
 27954 | Snake:2  | Identified the ring of the Assorted Mice {rCorr *Corrode +Blink rElec Str+8} (You found it on level 2 of the Snake Pit)
 28000 | Snake:2  | Found Catz's Antique Armour Emporium.
 28361 | Snake:3  | Received a gift from Trog
 28564 | Snake:3  | Found an opulent altar of Gozag.
 28615 | Snake:3  | Noticed Nikola
 28628 | Snake:3  | Killed from afar by Nikola

Skill      XL: |  1  2  3  4  5  6  7  8  9 10 11 12 13 14 15 16 17 |
---------------+----------------------------------------------------+-----
Armour         | 3 4 5 6 7 8 9 10 11 12 13 14 | 14.5
Fighting       | 4 5 6 7 8 9 10 11 12 13 14 | 14.8
Axes           | 4 5 6 8 9 11 12 13 15 16 17 18 19 | 19.0
Dodging        | 3 4 5 6 7 8 10 11 12 13 | 13.7
Bows           | 1 2 3 4 6 7 9 10 12 13 14 16 18 19 | 19.2

Action                   |  1- 3 |  4- 6 |  7- 9 | 10-12 | 13-15 | 16-18 || total
-------------------------+-------+-------+-------+-------+-------+-------++-------
Melee: Hand axe          |    82 |   157 |   262 |   326 |       |       ||   827
       Headbutt          |     8 |    29 |    67 |   132 |   191 |    64 ||   491
       Battleaxe         |       |       |       |   171 |   800 |   274 ||  1245
 Fire: Shortbow          |       |    47 |   213 |   304 |   121 |       ||   685
       Longbow           |       |       |       |       |   565 |   469 ||  1034
Invok: Burn Spellbooks   |     1 |       |       |     2 |     2 |     2 ||     7
       Berserk           |       |       |     3 |     8 |     3 |     1 ||    15
       Trog's Hand       |       |       |       |     3 |       |       ||     3
       Brothers in Arms  |       |       |       |     1 |       |       ||     1
 Abil: Evoke Flight      |       |       |       |     2 |       |     1 ||     3
  Use: Scroll            |       |       |    21 |     8 |    14 |     7 ||    50
       Potion            |       |       |       |     2 |     1 |       ||     3
  Eat: Chunk             |     1 |     6 |    13 |    21 |    36 |    16 ||    93
       Beef jerky        |       |       |     2 |     2 |       |       ||     4
       Pizza             |       |       |     1 |     2 |       |     1 ||     4
       Fruit             |       |       |       |     1 |       |     2 ||     3
       Royal jelly       |       |       |       |     1 |       |       ||     1
Armor: Animal skin       |     3 |       |       |       |       |       ||     3
       Ring mail         |    21 |    58 |    90 |    44 |       |       ||   213
       Quicksilver drago |       |       |       |   153 |   299 |   103 ||   555
Dodge: Dodged            |    65 |    84 |   169 |   368 |   662 |   269 ||  1617
